 Dungeon Crawl Stone Soup version 0.25-a0-937-gcfae464cf3 (webtiles) character file.

Game seed: 11114955828376997351, levelgen mode: deterministic

78140 kae the Slingshot (level 16, 64/117 HPs)
             Began as a Halfling Hunter on May 4, 2020.
             Was a High Priest of Okawaru.
             Quit the game on level 1 of the Orcish Mines.
             The game lasted 00:36:50 (30408 turns).

kae the Slingshot (Halfling Hunter)                Turns: 30408, Time: 00:36:51

Health: 64/117     AC:  8    Str: 19    XL:     16   Next: 7%
Magic:  14/25      EV: 24    Int:  9    God:    Okawaru [*****.]
Gold:   1199       SH: 10    Dex: 22    Spells: 15/15 levels left

rFire    . . .     SeeInvis .   a - +4 hunting sling (flame)
rCold    x . .     Gourm    .   O - +2 buckler of Qyihohel {rElec rC- rN+++ rCorr}
rNeg     + + +     Faith    .   c - +0 leather armour
rPois    .         Spirit   +   X - +0 hat of the Ageless Songs {Str+3}
rElec    +         Reflect  .   Q - scarf {repulsion}
rCorr    +         Harm     .   v - +2 pair of gloves {archery}
MR       +....                  (no boots)
Stlth    +++.......             Y - amulet of guardian spirit
HPRegen  0.29/turn              t - +1 ring of protection
MPRegen  0.19/turn              x - +3 ring of strength

@: heroism, repel missiles
A: small, mutation resistance 1
a: Heroism, Finesse, Renounce Religion


You were on level 1 of the Orcish Mines.
You worshipped Okawaru.
Okawaru was extremely pleased with you.
You were not hungry.

You visited 4 branches of the dungeon, and saw 23 of its levels.

You collected 1451 gold pieces.
You spent 252 gold pieces at shops.

Inventory:

Hand Weapons
 a - a +4 hunting sling of flaming (weapon)
 b - a +4 dagger of freezing
Missiles
 g - 426 stones
 k - 34 sling bullets (quivered)
Armour
 c - a +0 leather armour (worn)
 d - a scarf of resistance
 v - a +2 pair of gloves of archery (worn)
 O - the +2 buckler of Qyihohel (worn) {rElec rC- rN+++ rCorr}
   (Okawaru gifted it to you on level 12 of the Dungeon)

   It makes you vulnerable to cold.
   It insulates you from electricity.
   It renders you almost immune to negative energy.
   It provides partial protection from all sources of acid and corrosion.
 Q - a scarf of repulsion (worn)
 X - the +0 hat of the Ageless Songs (worn) {Str+3}
   (Okawaru gifted it to you on level 4 of the Lair of Beasts)

   It affects your strength (+3).
Jewellery
 q - an uncursed ring of positive energy
 t - a +1 ring of protection (left hand)
 x - a +3 ring of strength (right hand)
 F - a +4 ring of intelligence
 L - an uncursed amulet of the gourmand
 R - an uncursed ring of protection from fire
 S - an uncursed ring of ice
 T - an uncursed ring of stealth
 Y - an amulet of guardian spirit (around neck)
Wands
 j - a wand of scattershot (6)
 u - a wand of disintegration (36)
 C - a wand of digging (5)
 E - a wand of polymorph (13)
 H - a wand of iceblast (11)
 N - a wand of paralysis (21)
 P - a wand of clouds (7)
 V - a wand of acid (19)
Scrolls
 s - a scroll of fog
 w - 4 scrolls of amnesia
 y - 9 scrolls of remove curse
 z - 6 scrolls of teleportation
 B - 4 scrolls of blinking
 D - a scroll of magic mapping
 M - 6 scrolls of identify
 W - 2 scrolls of enchant armour
 Z - 3 scrolls of fear
Potions
 e - 5 potions of cancellation
 i - 3 potions of lignification
 l - 6 potions of might
 m - 4 potions of ambrosia
 n - 6 potions of heal wounds
 o - a potion of magic
 p - 7 potions of curing
 r - 4 potions of stabbing
 A - 3 potions of haste
 G - 2 potions of flight
 I - a potion of brilliance
 J - 3 potions of mutation
 K - 3 potions of resistance
 U - a potion of berserk rage
Comestibles
 f - 52 rations
 h - 5 chunks of flesh


   Skills:
 + Level 13.0(18.0) Fighting
 - Level 24.4(27) Slings
 + Level 4.4(9.4) Armour
 + Level 5.0(10.0) Dodging
 - Level 1.1(6.1) Stealth
 - Level 4.0(9.0) Shields
 - Level 12.0 Invocations


You had 15 spell levels left.
You didn't know any spells.
Your spell library contained the following spells:

 Spells                   Type           Power        Failure   Level  Hunger
 Beastly Appendage        Tmut           #.....       43%         1    ##.....
 Magic Dart               Conj           #...         43%         1    ##.....
 Blink                    Tloc           N/A          56%         2    ###....
 Call Imp                 Summ           #.......     56%         2    ###....
 Searing Ray              Conj           #.....       56%         2    ###....
 Slow                     Hex            #.......     56%         2    ###....
 Sticks to Snakes         Tmut           #.......     56%         2    ###....
 Conjure Flame            Conj/Fire      #.......     80%         3    ####...
 Dazzling Flash           Conj/Hex       #.....       80%         3    ####...
 Mephitic Cloud           Conj/Pois/Air  #.......     80%         3    ####...
 Spider Form              Tmut/Pois      #.........   80%         3    ####...
 Fulminant Prism          Conj/Hex       #.........   99%         4    #####..
 Ice Form                 Ice/Tmut       #.......     99%         4    #####..
 Iskenderun's Mystic Bla  Conj/Tloc      #.......     99%         4    #####..
 Blade Hands              Tmut           #.........   100%        5    ######.


Dungeon Overview and Level Annotations

Branches:
Dungeon (15/15)            Temple (1/1) D:4            Lair (6/6) D:8
 Shoals (0/4) Lair:2        Snake (0/4) Lair:2        Slime (0/5) Lair:6
    Orc (1/2) D:12         Vaults (0/5) D:14         Depths (0/5) D:15

Altars:
Ashenzari
Cheibriados
Dithmenos
Elyvilon
Fedhas
Gozag
Hepliaklqana
Kikubaaqudgha
Makhleb
Nemelex Xobeh
Okawaru
Qazlal
Ru
Sif Muna
Trog
Uskayaw
Vehumet
Wu Jian
Xom
Yredelemnul
Zin
The Shining One

Shops:
D:5 [?[%   D:7 *   D:11 ?

Annotations:
D:12 1 runed translucent door
Lair:1 exclusion: door
Lair:6 exclusion: 2 doors


Innate Abilities, Weirdness & Mutations

You are small and have problems with some larger weapons.
You are somewhat resistant to further mutation.


Message History

You are too injured to fight recklessly!
You are too injured to fight recklessly!
You are too injured to fight recklessly!
You are too injured to fight recklessly!
You are too injured to fight recklessly!
You are too injured to fight recklessly!
You are too injured to fight recklessly!
You are too injured to fight recklessly!
You are too injured to fight recklessly!
You are too injured to fight recklessly!
You are too injured to fight recklessly!
You are too injured to fight recklessly!
You are too injured to fight recklessly!
You are too injured to fight recklessly!
You are too injured to fight recklessly!
You are too injured to fight recklessly!
You are too injured to fight recklessly!
You are too injured to fight recklessly!
You are too injured to fight recklessly!
Are you sure you want to abandon this character and quit the game? (Confirm with "yes".)

....#.###.(....#
.......##(....## ##.
###.....##.#.## .. .
##....###### ##.. o#
###)....#.## .#. ...
......###..## ###.$#..
......###...###.$...#
...###.....###..ooo.##
..# #.......#...@)o(.#
#..###....>.....##oo...#
###.#....##.>...# oo..#
#......###.....# ....
##.....##.....### ...
##.....##......# .#
###.............. #
##......#......#
#...#.###.....#


You could see an orc warlord, 3 orc warriors, an orc priest, an orc wizard and 3
orcs.

Vanquished Creatures
  Kirke (D:13)
  Nessos (Lair:5)
  Azrael (D:13)
  2 dire elephants (Lair:6)
  Snorg (D:14)
  An ogre mage (D:15)
  An anaconda (Lair:6)
  5 hydras
  2 catoblepae
  2 centaur warriors (D:14)
  6 two-headed ogres
  4 death yaks (Lair:5)
  3 tengu warriors
  Urug (Lair:5)
  3 unseen horrors
  A wizard (D:15)
  A necromancer (Lair:6)
  5 orc knights
  2 manticores (D:14)
  2 orc sorcerers
  2 oklob plants (Lair:4)
  5 cyclopes
  6 elephants
  Maurice (D:8)
  11 black mambas
  2 centaur zombies
  A naga mage (D:15)
  11 spiny frogs
  A centaur skeleton (D:11)
  Psyche (D:9)
  A rime drake (D:11)
  An efreet (D:14)
  7 komodo dragons
  8 trolls
  A merfolk (D:15)
  A polar bear (Lair:6)
  14 blink frogs
  9 slime creatures
  12 hippogriffs
  A shadow (D:15)
  5 water elementals
  3 wyverns
  A spriggan (Lair:4)
  4 wraiths
  37 yaks
  7 hogs
  A human (D:12)
  2 basilisks
  6 fire elementals (D:13)
  5 wargs
  3 hungry ghosts
  A vampire mosquito (D:15)
  Menkaure (D:5)
  2 acid dragons
  2 hell hounds (D:13)
  9 porcupines
  38 water moccasins
  15 orc warriors
  A black bear (D:10)
  2 ice beasts
  4 sky beasts
  An eye of draining (D:8)
  A black bear (shapeshifter) (D:15)
  3 phantoms
  8 ogres
  A necrophage (D:9)
  5 wolves
  9 centaurs
  15 crocodiles
  2 big kobolds
  18 bullfrogs
  4 scorpions
  7 killer bees
  11 wights (D:9)
  5 howler monkeys
  10 electric eels
  3 crimson imps
  4 bullfrog zombies
  A quasit (D:8)
  12 hounds
  6 bullfrog skeletons
  8 orc priests
  4 jellies
  12 orc wizards
  Jessica (D:3)
  4 iguanas
  A polar bear simulacrum (Lair:6)
  12 worker ants
  A hound skeleton (D:4)
  A mummy (D:6)
  2 worker ant zombies
  7 gnolls
  34 adders
  2 shadow imps
  3 oozes
  A worm (D:2)
  3 dart slugs (D:1)
  5 leopard geckos
  51 orcs
  4 giant cockroaches
  5 goblins
  7 hobgoblins
  8 jackals
  A quokka (D:8)
  3 ball pythons
  6 bats
  4 frilled lizards
  3 goblin skeletons (D:4)
  A goblin zombie (D:4)
  3 hobgoblin zombies (D:4)
  17 kobolds
  A kobold zombie (D:6)
  A leopard gecko skeleton (D:7)
  2 orc skeletons (D:4)
  4 orc zombies
  8 rats
  A river rat simulacrum (Lair:6)
  A spectral orc (D:3)
  3 plants
651 creatures vanquished.

Vanquished Creatures (others)
  5 dream sheep (Lair:2)
  4 fungi
  11 plants
20 creatures vanquished.

Grand Total: 671 creatures vanquished

Notes
Turn   | Place    | Note
-------+----------+-------------------------------------------
     0 | D:1      | kae the Halfling Hunter began the quest for the Orb.
     0 | D:1      | Reached XP level 1. HP: 14/14 MP: 1/1
    35 | D:1      | Reached skill level 6 in Slings
   238 | D:1      | Reached XP level 2. HP: 19/19 MP: 2/2
   420 | D:1      | Reached XP level 3. HP: 24/24 MP: 3/3
   823 | D:1      | Reached skill level 7 in Slings
   942 | D:2      | Reached XP level 4. HP: 30/30 MP: 4/4
  1733 | D:2      | Found a hazy altar of Hepliaklqana.
  1953 | D:3      | Found a bloodstained altar of Trog.
  1964 | D:3      | Found a shimmering blue altar of Sif Muna.
  2038 | D:3      | Found a basalt altar of Yredelemnul.
  2172 | D:3      | Noticed Jessica
  2177 | D:3      | Killed Jessica
  2177 | D:3      | Reached skill level 8 in Slings
  2177 | D:3      | Reached XP level 5. HP: 36/36 MP: 5/5
  2547 | D:4      | Reached XP level 6. HP: 34/42 MP: 6/6
  2642 | D:4      | Reached skill level 9 in Slings
  2947 | D:4      | Found a glowing golden altar of the Shining One.
  2963 | D:4      | Reached XP level 7. HP: 43/47 MP: 7/7
  3131 | D:4      | Reached skill level 10 in Slings
  3144 | D:4      | Found a staircase to the Ecumenical Temple.
  3163 | Temple   | Entered the Ecumenical Temple
  3441 | D:4      | Found an opulent altar of Gozag.
  3441 | D:4      | Found a sparkling altar of Nemelex Xobeh.
  3532 | D:5      | Entered Level 5 of the Dungeon
  3748 | D:5      | Reached skill level 11 in Slings
  3748 | D:5      | Reached XP level 8. HP: 44/54 MP: 8/8
  3801 | D:5      | Found Sucki's Armour Emporium.
  3819 | D:5      | Found Kuopyc Gihu's Armour Emporium.
  4011 | D:5      | Found Daeduaxo's Food Boutique.
  4074 | D:5      | Found Pyraceu's Magic Scroll Boutique.
  4201 | D:5      | Noticed Menkaure
  4208 | D:5      | Killed Menkaure
  4208 | D:5      | Reached skill level 5 in Fighting
  4208 | D:5      | Reached skill level 12 in Slings
  4305 | D:5      | Bought a scroll of teleportation for 39 gold pieces
  4305 | D:5      | Bought a scroll of identify for 26 gold pieces
  4305 | D:5      | Bought a scroll of identify for 26 gold pieces
  4708 | D:6      | You fall into a shaft and drop 1 floor!
  4888 | D:7      | Found Wenwuax's General Store.
  4896 | D:7      | Bought a scroll of identify for 28 gold pieces
  5000 | D:7      | Reached XP level 9. HP: 62/62 MP: 9/9
  5018 | D:7      | Reached skill level 13 in Slings
  5826 | D:6      | Found a burning altar of Makhleb.
  5902 | D:6      | Reached skill level 14 in Slings
  7069 | D:8      | Noticed an elephant
  7111 | D:8      | Killed an elephant
  7111 | D:8      | Reached skill level 15 in Slings
  7111 | D:8      | Reached XP level 10. HP: 37/71 MP: 10/10
  7360 | D:8      | Found a staircase to the Lair.
  7593 | D:8      | Noticed Maurice
  7610 | D:8      | Killed Maurice
  7610 | D:8      | Reached skill level 16 in Slings
  7815 | D:8      | Found an iron altar of Okawaru.
  7881 | D:8      | Became a worshipper of Warmaster Okawaru
  8331 | D:9      | Reached skill level 1 in Invocations
  8346 | D:9      | Reached * piety under Okawaru
  8605 | D:9      | Reached skill level 17 in Slings
  8838 | D:9      | Noticed Psyche
  8846 | D:9      | Killed Psyche
  8888 | D:9      | Reached XP level 11. HP: 78/78 MP: 13/13
  9268 | D:9      | Reached ** piety under Okawaru
  9538 | D:10     | Entered Level 10 of the Dungeon
  9776 | D:10     | Reached skill level 18 in Slings
  9843 | D:10     | Reached *** piety under Okawaru
 10598 | D:11     | Noticed a two-headed ogre
 10606 | D:11     | Killed a two-headed ogre
 10606 | D:11     | Reached skill level 5 in Invocations
 10879 | D:11     | Received a gift from Okawaru
 11006 | D:11     | Reached **** piety under Okawaru
 11030 | D:11     | Found Narara's Magic Scroll Boutique.
 11038 | D:11     | Bought a scroll of enchant weapon for 105 gold pieces
 11038 | D:11     | Bought a scroll of identify for 28 gold pieces
 11185 | D:11     | Received a gift from Okawaru
 11194 | D:11     | Reached skill level 19 in Slings
 11194 | D:11     | Reached XP level 12. HP: 65/86 MP: 13/16
 11383 | D:11     | Received a gift from Okawaru
 11566 | D:11     | Noticed a five-headed hydra
 12188 | Lair:1   | Entered Level 1 of the Lair of Beasts
 12423 | Lair:1   | Reached ***** piety under Okawaru
 12425 | Lair:1   | Reached skill level 10 in Fighting
 12432 | Lair:1   | Reached skill level 20 in Slings
 12646 | Lair:1   | Received a gift from Okawaru
 13317 | Lair:1   | Noticed an eight-headed hydra
 13682 | Lair:1   | Received a gift from Okawaru
 13788 | Lair:1   | Reached XP level 13. HP: 93/93 MP: 15/19
 13833 | Lair:1   | Found the +8 whip "Snakebite" {curare, rPois}
 14266 | Lair:2   | Found a staircase to the Shoals.
 14460 | Lair:2   | Found a staircase to the Snake Pit.
 14990 | Lair:2   | Reached skill level 21 in Slings
 15069 | Lair:2   | Found a shimmering altar of Xom.
 17016 | Lair:4   | Noticed a five-headed hydra
 17021 | Lair:4   | Killed a five-headed hydra
 17112 | Lair:4   | Noticed a catoblepas
 17123 | Lair:4   | Killed a catoblepas
 17918 | Lair:4   | Noticed a five-headed hydra
 18128 | Lair:4   | Killed a five-headed hydra
 18128 | Lair:4   | Received a gift from Okawaru
 18128 | Lair:4   | Reached skill level 22 in Slings
 18162 | Lair:4   | Got an ancient hat {god gift}
 18173 | Lair:4   | Identified the +0 hat of the Ageless Songs {Str+3} (Okawaru
                  | gifted it to you on level 4 of the Lair of Beasts)
 19249 | Lair:5   | Found an opulent altar of Gozag.
 19475 | Lair:5   | Reached XP level 14. HP: 53/101 MP: 11/21
 19719 | Lair:5   | Reached skill level 10 in Invocations
 20565 | Lair:5   | Noticed Urug
 20573 | Lair:5   | Killed Urug
 20575 | Lair:5   | Noticed Nessos
 20584 | Lair:5   | Killed Nessos
 21366 | Lair:6   | Entered Level 6 of the Lair of Beasts
 21765 | Lair:6   | Reached skill level 23 in Slings
 21848 | Lair:6   | Found a staircase to the Slime Pits.
 23143 | Lair:6   | Noticed a dire elephant
 23229 | Lair:6   | Noticed a dire elephant
 23503 | Lair:6   | Killed a dire elephant
 23824 | Lair:6   | HP: 5/102 [dire elephant (14)]
 23824 | Lair:6   | HP: 1/102 [dire elephant (4)]
 23825 | Lair:6   | Killed a dire elephant
 24206 | Lair:6   | Noticed a dire elephant
 24206 | Lair:6   | Noticed a dire elephant
 24641 | D:12     | Found a runed translucent door.
 24646 | D:12     | Noticed a frost giant
 24900 | D:12     | Received a gift from Okawaru
 24903 | D:12     | Got an ancient buckler {god gift}
 24909 | D:12     | Identified the +2 buckler of Qyihohel {rElec rC- rN+++
                  | rCorr} (Okawaru gifted it to you on level 12 of the
                  | Dungeon)
 25231 | D:12     | Found a staircase to the Orcish Mines.
 25847 | D:13     | Noticed Azrael
 26022 | D:13     | Reached XP level 15. HP: 108/108 MP: 23/23
 26371 | D:13     | Killed Azrael
 26464 | D:13     | Noticed Kirke
 26466 | D:13     | Noticed a sphinx
 26476 | D:13     | Killed Kirke
 27228 | D:14     | Reached skill level 24 in Slings
 27787 | D:14     | Found a gate to the Vaults.
 27963 | D:14     | Noticed Snorg
 27972 | D:14     | Killed Snorg
 27981 | D:14     | Received a gift from Okawaru
 28355 | D:15     | Entered Level 15 of the Dungeon
 28432 | D:15     | Reached skill level 1 in Armour
 28432 | D:15     | Reached skill level 1 in Shields
 28504 | D:15     | Paralysed by a wizard for 6 turns
 28702 | D:15     | Received a gift from Okawaru
 28792 | D:15     | Found a staircase to the Depths.
 28983 | D:15     | Paralysed by an orc sorcerer for 3 turns
 29025 | D:15     | Received a gift from Okawaru
 30178 | Orc:1    | Entered Level 1 of the Orcish Mines
 30208 | Orc:1    | Reached XP level 16. HP: 113/117 MP: 23/25
 30370 | Orc:1    | Reached skill level 5 in Dodging
 30408 | Orc:1    | Quit the game

Levels and vault maps discovered:
D:1:      nicolae_arrival_memento_mori, layout_loops_ring,
          minmay_tree_intersection, minivault_23, minmay_misc_feat_four_crosses
D:2:      layout_basic, marbit_many_paths, minivault_23
D:3:      layout_basic, yredelemnul_forgotten_temple_becter,
          grunt_temple_overflow_open, uniq_jessica
D:4:      layout_cave_pools, grunt_temple_overflow_opulence,
          minmay_temple_entry_offerings, minmay_misc_feat_chi,
          nicolae_tso_besieged_by_evil
D:5:      layout_cave_pools, serial_shops, shop_fountains, shop_fountains,
          kennysheep_mini, nicolae_shop_behind_doors, first_ration,
          uniq_menkaure
D:6:      layout_layer_cave, kennysheep_little_box, serial_bayou_ford_a,
          minmay_mini_ossuary
D:7:      layout_layer_cave, serial_shops, shop
D:8:      layout_basic, nicolae_overflow_crystal_walls, david_lair_generic,
          minmay_checkerbox, uniq_maurice
D:9:      layout_cave_pods, uniq_psyche
D:10:     layout_stronghold
D:11:     lemuel_reptile_caves, layout_loops_cross, serial_shops, shop
D:12:     layout_long_grid, orc_0_dummy, grunt_livestock, minmay_st_funbox
D:13:     layout_rooms, serial_bayou, serial_bayou_pond_a, serial_bayou_lake_a,
          serial_bayou_pond_e, serial_bayou_lagoon_a, serial_bayou_pond_d,
          uniq_kirke, uniq_azrael
D:14:     layout_cross, uniq_snorg
D:15:     hangedman_depths_entry_try_elsewhere_first, layout_basic,
          minmay_misc_feat_tiny, minmay_misc_feat_doors,
          hangedman_decor_diamond_cutter, grunt_ministairs_15, st_stairs_8
Temple:   dpeg_chambers_temple
Lair:1:   minmay_guarded_unrand_snakebite, layout_gridlike,
          minmay_shattered_shrine, serial_bayou_shore_a
Lair:2:   layout_hall_layers, shoals_dummy_entry,
          minmay_snake_entry_six_corridors, kb_xom_exploding_sheep
Lair:3:   layout_long_grid, minivault_27
Lair:4:   layout_roguey, chequers_serial_rivers_small_3,
          grunt_forest_large_clearing_hut, minmay_lair_oklob_chamber
Lair:5:   layout_cave_pods, basic_altar, beast_lair_carwin_4, uniq_urug,
          uniq_nessos
Lair:6:   due_jungle_book, layout_gridlike, nicolae_slime_entry_slimehenge,
          st_stairs_5, chequers_serial_rivers_micro_b, eino_house_with_fridge
Orc:1:    layout_diamond_mine, enter_bailey_2, serial_shops,
          nicolae_shop_behind_doors, nicolae_orc_tapped_out

Skill      XL: |  1  2  3  4  5  6  7  8  9 10 11 12 13 14 15 16 |
---------------+-------------------------------------------------+-----
Slings         | 6 7 8 9 11 12 15 17 19 20 22 23 24 | 24.4
Fighting       | 2 3 4 5 7 8 9 10 11 12 13 | 13.0
Invocations    | 2 5 8 9 11 12 | 12.0
Armour         | 4 |  4.4
Shields        | 3 4 |  4.0
Dodging        | 4 5 |  5.0
Stealth        | |  1.1

Action                   |  1- 3 |  4- 6 |  7- 9 | 10-12 | 13-15 | 16-18 || total
-------------------------+-------+-------+-------+-------+-------+-------++-------
Melee: Dagger            |    40 |   134 |    78 |       |   118 |       ||   370
       Hunting sling     |       |       |       |       |     2 |       ||     2
 Fire: Hunting sling     |    10 |    23 |   275 |   720 |  1378 |    57 ||  2463
Invok: Heroism           |       |       |       |    16 |    29 |     2 ||    47
       Finesse           |       |       |       |       |     1 |       ||     1
  Use: Scroll            |     1 |     4 |    17 |     8 |    21 |       ||    51
       Potion            |       |       |       |       |     5 |       ||     5
 Stab: Sleeping          |     3 |     2 |     2 |       |       |       ||     7
  Eat: Chunk             |       |     5 |    11 |    30 |    37 |     2 ||    85
       Ration            |       |       |     1 |       |     3 |       ||     4
Armor: Leather armour    |     9 |    38 |    27 |    27 |    63 |       ||   164
Dodge: Dodged            |    16 |   109 |    71 |   106 |   256 |    23 ||   581
       Repelled          |       |       |       |       |     7 |       ||     7
Block: Buckler           |       |       |       |       |    34 |    18 ||    52

Table legend:
 A = Non-vault XP
 B = Vault XP
 C = Vault XP percentage of total XP
 D = Non-vault monster count
 E = Vault monster count
 F = Vault count percentage of total count
                 A         B        C        D         E       F
            +---------+---------+-------+---------+---------+-------
      Total |   75292 |   36337 |  32.6 |     493 |     155 |  23.9
            +---------+---------+-------+---------+---------+-------
        D:1 |      53 |       0 |   0.0 |      24 |       0 |   0.0
        D:2 |      44 |       2 |   4.3 |      12 |       1 |   7.7
        D:3 |      73 |      38 |  34.2 |      18 |       2 |  10.0
        D:4 |     354 |      58 |  14.1 |       8 |      11 |  57.9
        D:5 |     808 |     165 |  17.0 |      28 |       1 |   3.4
        D:6 |     511 |      22 |   4.1 |      14 |       5 |  26.3
        D:7 |     908 |       0 |   0.0 |      19 |       0 |   0.0
        D:8 |    1251 |    1624 |  56.5 |      20 |       8 |  28.6
        D:9 |    2959 |     404 |  12.0 |      41 |       1 |   2.4
       D:10 |    1957 |       0 |   0.0 |      19 |       0 |   0.0
       D:11 |    5202 |    2671 |  33.9 |      50 |      30 |  37.5
       D:12 |    3679 |     954 |  20.6 |      25 |       5 |  16.7
       D:13 |    3084 |    5563 |  64.3 |      17 |      15 |  46.9
       D:14 |    9090 |    1152 |  11.2 |      35 |       1 |   2.8
       D:15 |   14470 |    3870 |  21.1 |      36 |      11 |  23.4
     Lair:1 |    4254 |    4225 |  49.8 |      19 |      19 |  50.0
     Lair:2 |    1682 |    2191 |  56.6 |      10 |      18 |  64.3
     Lair:3 |    4802 |       0 |   0.0 |      20 |       0 |   0.0
     Lair:4 |    4917 |    2727 |  35.7 |      16 |       5 |  23.8
     Lair:5 |    4555 |    6455 |  58.6 |      18 |       8 |  30.8
     Lair:6 |    6105 |    4216 |  40.8 |      20 |      14 |  41.2
      Orc:1 |    4534 |       0 |   0.0 |      24 |       0 |   0.0
            +---------+---------+-------+---------+---------+-------
